Harfangs vs Punishers
Created - April 21, 2019 at 19:48
Goals
|
Harfangs |
1 |
1 |
0 |
2 |
Punishers |
1 |
3 |
1 |
5 |
|
Shots
|
Harfangs |
7 |
15 |
13 |
35 |
Punishers |
13 |
12 |
16 |
41 |
|
1st period
1. Punishers , Robbie Earl 40 (Jordan Schmaltz 21, David Laliberté 43) at 5:29
2. Harfangs , Brock Nelson 10 (Victor Bartley 28) at 19:56
Penalties :
Oscar Sundqvist (BEA) for Hooking (Minor) at 2:08, Mark Alt (BEA) for Holding (Minor) at 7:25
2nd period
3. Punishers , Garret Ross 20 (Mattias Tedenby 53, Andreas Athanasiou 19) at 1:27
4. Punishers , Miikka Salomaki 29 (Radek Faksa 7, Dylan DeMelo 9) at 5:04
5. Punishers , David Laliberté 35 (Zack Hamill 55) at 7:55 (PP)
6. Harfangs , Michael Bournival 30 (Jeff Petry 23, Jimmy Hayes 61) at 18:22
Penalties :
Tomas Kubalik (BEA) for Roughing (Minor) at 7:54, Mattias Tedenby (Pro) for Roughing (Minor) at 8:11, Brenden Kichton (BEA) for High sticking (Minor) at 12:21
3rd period
7. Punishers , Miikka Salomaki 30 (Radek Faksa 8) at 16:21
Penalties :
Robbie Earl (Pro) for Close Hand On Puck (Minor) at 11:50
Goalie Stats
Anton Forsberg (BEA), 15 saves from 19 shots - (0.789), L, 21-22-1, 27:55 minutes
Mark Visentin (BEA), 21 saves from 22 shots - (0.955), 32:05 minutes
Louis Domingue (Pro), 33 saves from 35 shots - (0.943), W, 17-18-1, 60:00 minutes
Players Stats for Harfangs
Player Name G A P +/- PIM S H SB GA TA FO MP PP MP PK MP
------------------------------------------------------------------------------------
Andreas Martinsen 0 0 0 -1 0 4 0 1 1 0 0/0 10:00 0:17 1:02
Blake Heinrich 0 0 0 0 0 0 0 0 0 0 0/0 0:00 0:00 0:00
Brendan Leipsic 0 0 0 -1 0 0 0 0 0 0 0/0 2:13 0:00 0:51
Brenden Kichton 0 0 0 0 2 0 0 1 0 0 0/0 6:07 0:00 0:00
Brock Nelson 1 0 1 0 0 4 3 0 1 0 0/1 20:08 2:09 2:33
Calle Jarnkrok 0 0 0 0 0 2 1 1 0 0 15/26 17:33 2:09 0:00
Colton Sissons 0 0 0 -1 0 0 2 0 0 0 3/7 10:41 0:17 0:00
Cristoval Nieves 0 0 0 0 0 0 1 1 0 0 2/6 7:19 0:00 0:00
Dustin Jeffrey 0 0 0 -1 0 2 0 0 0 0 0/0 10:24 0:00 0:00
Dylan Olsen 0 0 0 -1 0 2 0 1 0 0 0/0 17:33 1:17 2:03
Erik Nystrom 0 0 0 0 0 0 0 0 0 0 0/0 0:32 0:30 0:00
Garnet Hathaway 0 0 0 -1 0 5 0 0 0 0 0/0 13:14 0:42 2:08
Jake Dotchin 0 0 0 0 0 0 0 0 0 0 0/0 6:06 0:00 0:00
Jeff Petry 0 1 1 -1 0 0 1 2 0 0 0/0 17:33 1:17 2:03
Jimmy Hayes 0 1 1 0 0 4 2 0 0 1 3/6 20:05 2:09 2:30
Laurent Dauphin 0 0 0 0 0 0 0 0 0 0 0/0 0:00 0:00 0:00
Mark Alt 0 0 0 -1 2 0 0 3 0 1 0/0 10:28 0:00 0:00
Michael Bournival 1 0 1 0 0 4 1 1 2 0 0/0 16:52 1:04 0:15
Morgan Klimchuk 0 0 0 0 0 0 0 0 0 0 0/0 0:25 0:25 0:00
Oscar Sundqvist 0 0 0 -1 2 1 1 0 0 1 3/14 18:26 1:05 0:29
Reid McNeill 0 0 0 -1 0 0 1 0 0 1 0/0 10:29 0:00 0:00
Ryan Hartman 0 0 0 0 0 2 2 0 0 0 0/0 7:19 0:00 0:00
Steve McCarthy 0 0 0 0 0 3 2 6 1 1 0/0 25:52 2:41 3:55
Tomas Kubalik 0 0 0 0 2 1 0 0 1 0 1/3 18:47 1:07 2:08
Victor Bartley 0 1 1 0 0 1 4 1 2 1 0/0 25:52 2:41 3:55
Players Stats for Punishers
Player Name G A P +/- PIM S H SB GA TA FO MP PP MP PK MP
------------------------------------------------------------------------------------
Adam Pelech 0 0 0 2 0 2 1 1 0 3 0/0 27:01 2:31 1:10
Andreas Athanasiou 0 1 1 1 0 2 2 0 1 0 4/17 16:04 3:13 0:07
Ben Betker 0 0 0 1 0 0 0 0 0 0 0/0 3:50 0:00 0:36
Carter Ashton 0 0 0 0 0 0 0 0 0 0 0/0 0:19 0:19 0:00
Dan Bertram 0 0 0 -2 0 3 0 1 1 0 0/0 9:07 0:00 0:00
David Laliberté 1 1 2 1 0 2 1 1 0 1 2/2 20:26 2:26 0:29
Dylan DeMelo 0 1 1 1 0 0 0 0 0 0 0/0 11:30 0:00 0:42
Freddie Hamilton 0 0 0 -2 0 0 1 2 1 0 3/3 9:07 0:00 0:00
Garret Ross 1 0 1 1 0 4 3 0 0 0 0/0 16:27 3:13 0:21
John Macfarland 0 0 0 0 0 0 0 0 0 0 0/0 1:46 0:17 1:29
Jordan Schmaltz 0 1 1 1 0 3 1 1 1 0 0/0 23:56 2:31 1:10
Madison Bowey 0 0 0 -1 0 0 0 1 0 2 0/0 21:29 3:27 2:06
Mattias Tedenby 0 1 1 1 2 1 3 1 2 0 1/2 15:49 3:06 0:00
Michael Joly 0 0 0 0 0 0 0 0 0 0 0/0 1:24 0:00 1:24
Miikka Salomaki 2 0 2 2 0 5 4 0 0 0 0/0 10:33 0:00 0:00
Nikita Gusev 0 0 0 2 0 3 0 0 0 0 1/1 10:33 0:00 0:00
Patrick Wiercioch 0 0 0 -1 0 1 0 1 0 0 0/0 21:26 3:27 2:12
Radek Faksa 0 2 2 2 0 2 1 0 0 1 1/3 11:39 0:00 0:57
Robbie Earl 1 0 1 1 2 2 1 1 0 1 1/1 21:22 2:40 1:03
Trevor Van Riemsdyk 0 0 0 1 0 2 3 0 0 0 0/0 10:48 0:00 0:00
Tyler Bertuzzi 0 0 0 -2 0 1 1 0 0 0 0/0 9:07 0:00 0:00
Zack Hamill 0 1 1 1 0 8 1 2 0 0 23/34 22:17 2:40 2:06
3 Stars
1 - Miikka Salomaki (Pro)
2 - David Laliberté (Pro)
3 - Garret Ross (Pro)
Power Play
Harfangs - 0 on 2 Attempt(s) - 0.00%
Punishers - 1 on 4 Attempt(s) - 25.00%
Penalty Kill
Harfangs - 3 on 4 Attempt(s) - 75.00%
- Score 0 goal in Penalty Kill
Punishers - 2 on 2 Attempt(s) - 100.00%
- Score 0 goal in Penalty Kill
Team Stat
Harfangs - Hits : 21 - Faceoff Wins : 27 - Blocked Shots : 18 - Penalty Minutes : 8
Punishers - Hits : 23 - Faceoff Wins : 36 - Blocked Shots : 12 - Penalty Minutes : 4
Official
Referees : Unknown
Linesman : Unknown
Game Notes
Mark Visentin enters game at 7:55 of 2nd period
Finance
Level 1 -- Attendance: 1489 (74.45%) -- Ticket Income $59,560
Level 2 -- Attendance: 719 (71.90%) -- Ticket Income $14,380
Total Attendance: 2208 (73.60%)
Total Ticket Income: $73,940
Other Income: $3,697
Total Income: $77,637
Harfangs
5 vs 5 Forward
Center Left Wing Right Wing Time % Phy DF OF
1 Calle Jarnkrok Brock Nelson Jimmy Hayes 40 1 2 2
2 Oscar Sundqvist Michael Bournival Tomas Kubalik 30 1 2 2
3 Colton Sissons Dustin Jeffrey Garnet Hathaway 20 1 2 2
4 Cristoval Nieves Andreas Martinsen Ryan Hartman 10 1 2 2
5 vs 5 Defense
Defense Defense Time % Phy DF OF
1 Steve McCarthy Victor Bartley 40 1 2 2
2 Dylan Olsen Jeff Petry 30 1 2 2
3 Reid McNeill Mark Alt 20 1 2 2
4 Brenden Kichton Jake Dotchin 10 1 2 2
PowerPlay Forward
Center Left Wing Right Wing Time % Phy DF OF
1 Calle Jarnkrok Brock Nelson Jimmy Hayes 60 1 2 2
2 Oscar Sundqvist Michael Bournival Tomas Kubalik 40 1 2 2
PowerPlay Defense
Defense Defense Time % Phy DF OF
1 Steve McCarthy Victor Bartley 60 1 2 2
2 Dylan Olsen Jeff Petry 40 1 2 2
Penalty Kill 4 Players Forward
Center Wing Time % Phy DF OF
1 Jimmy Hayes Brock Nelson 60 1 2 2
2 Tomas Kubalik Garnet Hathaway 40 1 2 2
Penalty Kill 4 Players Defense
Defense Defense Time % Phy DF OF
1 Steve McCarthy Victor Bartley 60 1 2 2
2 Dylan Olsen Jeff Petry 40 1 2 2
Penalty Kill - 3 Players Forward
Forward Time % Phy DF OF
1 Jimmy Hayes 60 1 2 2
2 Brock Nelson 40 1 2 2
Penalty Kill - 3 Players Defense
Defense Defense Time % Phy DF OF
1 Steve McCarthy Victor Bartley 60 1 2 2
2 Dylan Olsen Jeff Petry 40 1 2 2
4 vs 4 Forward
Center Wing Time % Phy DF OF
1 Jimmy Hayes Brock Nelson 60 1 2 2
2 Tomas Kubalik Garnet Hathaway 40 1 2 2
4 vs 4 Defense
Defense Defense Time % Phy DF OF
1 Steve McCarthy Victor Bartley 60 1 2 2
2 Dylan Olsen Jeff Petry 40 1 2 2
Last Minutes Offensive
Center Left Wing Right Wing Defense Defense
Calle Jarnkrok Brock Nelson Jimmy Hayes Steve McCarthy Victor Bartley
Last Minutes Defensive
Center Left Wing Right Wing Defense Defense
Calle Jarnkrok Brock Nelson Jimmy Hayes Steve McCarthy Victor Bartley
Goaltenders
Starting : Anton Forsberg
Backup : Mark Visentin
Extra Forwards
Normal : Erik Nystrom, Morgan Klimchuk, Brendan Leipsic - PP : Erik Nystrom, Morgan Klimchuk - PK : Brendan Leipsic
Extra Defensemen
Normal : Blake Heinrich, Reid McNeill, Mark Alt - PP : Blake Heinrich - PK : Reid McNeill, Mark Alt
Penalty Shots
Jimmy Hayes, Brock Nelson, Tomas Kubalik, Garnet Hathaway, Michael Bournival
Scratches
Nick Sorensen (Healthy), Rinat Valiev (Healthy), Steve Ott (Broken Left Thumb Injury), Jason Kasdorf (Healthy), Scott Wedgewood (Healthy)
Zachary Fucale (Healthy)
Punishers
5 vs 5 Forward
Center Left Wing Right Wing Time % Phy DF OF
1 Zack Hamill Robbie Earl David Laliberté 40 1 2 2
2 Andreas Athanasiou Garret Ross Mattias Tedenby 30 1 2 2
3 Radek Faksa Nikita Gusev Miikka Salomaki 20 1 2 2
4 Freddie Hamilton Tyler Bertuzzi Dan Bertram 10 1 2 2
5 vs 5 Defense
Defense Defense Time % Phy DF OF
1 Adam Pelech Jordan Schmaltz 40 1 2 2
2 Patrick Wiercioch Madison Bowey 30 1 2 2
3 Trevor Van Riemsdyk Dylan DeMelo 20 1 2 2
4 Ben Betker Adam Pelech 10 1 2 2
PowerPlay Forward
Center Left Wing Right Wing Time % Phy DF OF
1 Zack Hamill Robbie Earl David Laliberté 60 1 2 2
2 Andreas Athanasiou Garret Ross Mattias Tedenby 40 1 2 2
PowerPlay Defense
Defense Defense Time % Phy DF OF
1 Adam Pelech Jordan Schmaltz 60 1 2 2
2 Patrick Wiercioch Madison Bowey 40 1 2 2
Penalty Kill 4 Players Forward
Center Wing Time % Phy DF OF
1 Zack Hamill Robbie Earl 60 1 2 2
2 David Laliberté Mattias Tedenby 40 1 2 2
Penalty Kill 4 Players Defense
Defense Defense Time % Phy DF OF
1 Adam Pelech Jordan Schmaltz 60 1 2 2
2 Patrick Wiercioch Madison Bowey 40 1 2 2
Penalty Kill - 3 Players Forward
Forward Time % Phy DF OF
1 Zack Hamill 60 1 2 2
2 Robbie Earl 40 1 2 2
Penalty Kill - 3 Players Defense
Defense Defense Time % Phy DF OF
1 Adam Pelech Jordan Schmaltz 60 1 2 2
2 Patrick Wiercioch Madison Bowey 40 1 2 2
4 vs 4 Forward
Center Wing Time % Phy DF OF
1 Zack Hamill Robbie Earl 60 1 2 2
2 David Laliberté Mattias Tedenby 40 1 2 2
4 vs 4 Defense
Defense Defense Time % Phy DF OF
1 Adam Pelech Jordan Schmaltz 60 1 2 2
2 Patrick Wiercioch Madison Bowey 40 1 2 2
Last Minutes Offensive
Center Left Wing Right Wing Defense Defense
Zack Hamill Robbie Earl David Laliberté Adam Pelech Jordan Schmaltz
Last Minutes Defensive
Center Left Wing Right Wing Defense Defense
Zack Hamill Robbie Earl David Laliberté Adam Pelech Jordan Schmaltz
Goaltenders
Starting : Louis Domingue
Backup : Daniel Altshuller
Extra Forwards
Normal : Carter Ashton, John Macfarland, Michael Joly - PP : Carter Ashton, John Macfarland - PK : Michael Joly
Extra Defensemen
Normal : Trevor Van Riemsdyk, Dylan DeMelo, Ben Betker - PP : Trevor Van Riemsdyk - PK : Dylan DeMelo, Ben Betker
Penalty Shots
Zack Hamill, Robbie Earl, David Laliberté, Mattias Tedenby, Miikka Salomaki
Scratches
Colton Gillies (Right Foot Injury)
% Time on Ice - Harfangs
Lines # - Real PCT - Wanted PCT - Time Play
Normal Forward
1 - 34% - 40% - 16:48
2 - 31% - 30% - 15:33
3 - 21% - 20% - 10:24
4 - 15% - 10% - 7:19
Normal Defense
1 - 38% - 40% - 19:16
2 - 28% - 30% - 14:13
3 - 21% - 20% - 10:29
4 - 12% - 10% - 6:06
PP Forward
1 - 72% - 60% - 2:51
2 - 28% - 40% - 1:07
PP Defense
1 - 68% - 60% - 2:41
2 - 32% - 40% - 1:17
PK Forward
1 - 64% - 60% - 3:50
2 - 36% - 40% - 2:08
PK Defense
1 - 66% - 60% - 3:55
2 - 34% - 40% - 2:03
PK3 Forward
1 - 0% - 60%
2 - 0% - 40%
PK3 Defense
1 - 0% - 60%
2 - 0% - 40%
44 Forward
1 - 0% - 60%
2 - 0% - 40%
44 Defense
1 - 0% - 60%
2 - 0% - 40%
Last Minute Offensive - 0:00
Last Minute Defensive - 0:00
Total
Forward - 60:00
Defense - 60:00
|
% Time on Ice - Punishers
Lines # - Real PCT - Wanted PCT - Time Play
Normal Forward
1 - 35% - 40% - 17:40
2 - 25% - 30% - 12:44
3 - 21% - 20% - 10:33
4 - 18% - 10% - 9:07
Normal Defense
1 - 40% - 40% - 20:15
2 - 32% - 30% - 15:56
3 - 22% - 20% - 10:48
4 - 6% - 10% - 3:05
PP Forward
1 - 45% - 60% - 2:40
2 - 55% - 40% - 3:18
PP Defense
1 - 42% - 60% - 2:31
2 - 58% - 40% - 3:27
PK Forward
1 - 88% - 60% - 3:29
2 - 12% - 40% - 0:29
PK Defense
1 - 29% - 60% - 1:10
2 - 71% - 40% - 2:48
PK3 Forward
1 - 0% - 60%
2 - 0% - 40%
PK3 Defense
1 - 0% - 60%
2 - 0% - 40%
44 Forward
1 - 0% - 60%
2 - 0% - 40%
44 Defense
1 - 0% - 60%
2 - 0% - 40%
Last Minute Offensive - 0:00
Last Minute Defensive - 0:00
Total
Forward - 60:00
Defense - 60:00
|
Play-by-Play
1st period
0:01 of 1st period - Zack Hamill wins face-off versus Calle Jarnkrok in neutral zone.
0:26 of 1st period - Steve McCarthy is hit by Garret Ross and loses puck.
1:09 of 1st period - Slapshot by Adam Pelech.
1:09 of 1st period - Shot Blocked by Mark Alt.
1:11 of 1st period - Slapshot by Dan Bertram.
1:11 of 1st period - Shot Blocked by Mark Alt.
1:37 of 1st period - Wrist shot by Jimmy Hayes.
1:37 of 1st period - Stopped by Louis Domingue with a rebound.
2:08 of 1st period - Minor Penalty to Oscar Sundqvist for Hooking.
2:09 of 1st period - Zack Hamill wins face-off versus Jimmy Hayes in Harfangs zone.
2:38 of 1st period - Tomas Kubalik is hit by Mattias Tedenby and loses puck.
3:59 of 1st period - Jordan Schmaltz is hit by Victor Bartley and loses puck.
4:08 of 1st period - Penalty to Oscar Sundqvist is over, Oscar Sundqvist is back on ice.
4:24 of 1st period - Andreas Martinsen is hit by Zack Hamill.
5:21 of 1st period - Snap shot by Robbie Earl.
5:21 of 1st period - Stopped by Anton Forsberg with a rebound.
5:23 of 1st period - Slapshot by Adam Pelech.
5:23 of 1st period - Stopped by Anton Forsberg with a rebound.
5:25 of 1st period - Snap shot by David Laliberté.
5:25 of 1st period - Shot Misses the Net.
5:27 of 1st period - Slapshot by Jordan Schmaltz.
5:27 of 1st period - Shot Blocked by Jeff Petry.
5:29 of 1st period - Slapshot by Robbie Earl.
5:29 of 1st period - Goal by Robbie Earl - Harfangs : 0 - Punishers : 1.
5:30 of 1st period - Colton Sissons wins face-off versus Andreas Athanasiou in neutral zone.
5:46 of 1st period - Snap shot by Dustin Jeffrey.
5:46 of 1st period - Shot Misses the Net.
5:56 of 1st period - Victor Bartley is hit by Trevor Van Riemsdyk.
6:14 of 1st period - Brenden Kichton is hit by Trevor Van Riemsdyk and loses puck.
6:21 of 1st period - Miikka Salomaki is hit by Calle Jarnkrok.
6:30 of 1st period - Brock Nelson is hit by Trevor Van Riemsdyk.
6:46 of 1st period - Snap shot by Nikita Gusev.
6:46 of 1st period - Shot Blocked by Calle Jarnkrok.
6:48 of 1st period - Slapshot by Trevor Van Riemsdyk.
6:48 of 1st period - Stopped by Anton Forsberg with a rebound.
6:50 of 1st period - Slapshot by Dylan DeMelo.
6:50 of 1st period - Shot Hit the Post.
7:12 of 1st period - Snap shot by Nikita Gusev.
7:12 of 1st period - Stopped by Anton Forsberg with a rebound.
7:14 of 1st period - Wrist shot by Dylan DeMelo.
7:14 of 1st period - Shot Misses the Net.
7:16 of 1st period - Slapshot by Trevor Van Riemsdyk.
7:16 of 1st period - Stopped by Anton Forsberg with a rebound.
7:25 of 1st period - Minor Penalty to Mark Alt for Holding.
7:26 of 1st period - Tomas Kubalik wins face-off versus Andreas Athanasiou in Harfangs zone.
8:52 of 1st period - Robbie Earl is hit by Victor Bartley and loses puck.
9:12 of 1st period - Icing by Madison Bowey.
9:13 of 1st period - Jimmy Hayes wins face-off versus Andreas Athanasiou in Punishers zone.
9:24 of 1st period - Icing by Madison Bowey.
9:25 of 1st period - Penalty to Mark Alt is over, Mark Alt is back on ice.
9:25 of 1st period - Zack Hamill wins face-off versus Oscar Sundqvist in Punishers zone.
9:58 of 1st period - Wrist shot by Miikka Salomaki.
9:58 of 1st period - Stopped by Anton Forsberg with a rebound.
10:06 of 1st period - Wrist shot by Michael Bournival.
10:06 of 1st period - Stopped by Louis Domingue with a rebound.
11:33 of 1st period - Snap shot by Tomas Kubalik.
11:33 of 1st period - Deflect By Oscar Sundqvist.
11:33 of 1st period - Stopped by Louis Domingue with a rebound.
11:51 of 1st period - Icing by Jimmy Hayes.
11:52 of 1st period - Calle Jarnkrok wins face-off versus Zack Hamill in Harfangs zone.
12:21 of 1st period - Wrist shot by Dan Bertram.
12:21 of 1st period - Stopped by Anton Forsberg with a rebound.
12:23 of 1st period - Wrist shot by Tyler Bertuzzi.
12:23 of 1st period - Stopped by Anton Forsberg with a rebound.
12:29 of 1st period - Adam Pelech is hit by Brock Nelson and loses puck.
12:44 of 1st period - Tomas Kubalik is hit by Andreas Athanasiou and loses puck.
13:07 of 1st period - Snap shot by Garnet Hathaway.
13:07 of 1st period - Stopped by Louis Domingue with a rebound.
13:09 of 1st period - Snap shot by Dustin Jeffrey.
13:09 of 1st period - Deflect By Garnet Hathaway.
13:09 of 1st period - Stopped by Louis Domingue with a rebound.
13:26 of 1st period - Off-side.
13:27 of 1st period - Zack Hamill wins face-off versus Cristoval Nieves in neutral zone.
13:34 of 1st period - Snap shot by David Laliberté.
13:34 of 1st period - Stopped by Anton Forsberg with a rebound.
13:42 of 1st period - Snap shot by Andreas Martinsen.
13:42 of 1st period - Stopped by Louis Domingue with a rebound.
14:15 of 1st period - Miikka Salomaki is hit by Jeff Petry.
14:19 of 1st period - Slapshot by Jordan Schmaltz.
14:19 of 1st period - Stopped by Anton Forsberg without a rebound.
14:20 of 1st period - Calle Jarnkrok wins face-off versus Zack Hamill in Harfangs zone.
15:10 of 1st period - Mattias Tedenby is hit by Michael Bournival and loses puck.
15:29 of 1st period - Off-side.
15:30 of 1st period - Zack Hamill wins face-off versus Cristoval Nieves in neutral zone.
15:33 of 1st period - Ryan Hartman is hit by David Laliberté and loses puck.
15:39 of 1st period - Icing by Steve McCarthy.
15:40 of 1st period - Zack Hamill wins face-off versus Cristoval Nieves in Harfangs zone.
15:41 of 1st period - Snap shot by David Laliberté.
15:41 of 1st period - Shot Misses the Net.
15:48 of 1st period - Off-side.
15:49 of 1st period - Zack Hamill wins face-off versus Tomas Kubalik in neutral zone.
15:56 of 1st period - Wrist shot by Robbie Earl.
15:56 of 1st period - Shot Blocked by Steve McCarthy.
16:40 of 1st period - Slapshot by Miikka Salomaki.
16:40 of 1st period - Stopped by Anton Forsberg with a rebound.
16:42 of 1st period - Slapshot by Patrick Wiercioch.
16:42 of 1st period - Shot Blocked by Jeff Petry.
16:44 of 1st period - Slapshot by Madison Bowey.
16:44 of 1st period - Shot Blocked by Dylan Olsen.
18:02 of 1st period - Snap shot by Radek Faksa.
18:02 of 1st period - Shot Blocked by Steve McCarthy.
18:16 of 1st period - Trevor Van Riemsdyk is hit by Victor Bartley and loses puck.
18:35 of 1st period - Snap shot by Radek Faksa.
18:35 of 1st period - Stopped by Anton Forsberg without a rebound.
18:36 of 1st period - Zack Hamill wins face-off versus Oscar Sundqvist in Harfangs zone.
19:41 of 1st period - Dan Bertram is hit by Brock Nelson and loses puck.
19:56 of 1st period - Wrist shot by Brock Nelson.
19:56 of 1st period - Goal by Brock Nelson - Harfangs : 1 - Punishers : 1.
19:57 of 1st period - Zack Hamill wins face-off versus Oscar Sundqvist in neutral zone.
Goals for this period are 1 for Harfangs vs 1 for Punishers.
Shots for this period are 7 for Harfangs vs 13 for Punishers.
2nd period
0:01 of 2nd period - Zack Hamill wins face-off versus Oscar Sundqvist in neutral zone.
0:16 of 2nd period - Wrist shot by Zack Hamill.
0:16 of 2nd period - Shot Misses the Net.
0:35 of 2nd period - Snap shot by Garnet Hathaway.
0:35 of 2nd period - Stopped by Louis Domingue without a rebound.
0:36 of 2nd period - Calle Jarnkrok wins face-off versus Zack Hamill in Punishers zone.
0:47 of 2nd period - Jimmy Hayes is hit by Robbie Earl and loses puck.
1:08 of 2nd period - Wrist shot by Michael Bournival.
1:08 of 2nd period - Stopped by Louis Domingue without a rebound.
1:09 of 2nd period - Oscar Sundqvist wins face-off versus Andreas Athanasiou in Punishers zone.
1:17 of 2nd period - Off-side.
1:18 of 2nd period - Andreas Athanasiou wins face-off versus Oscar Sundqvist in neutral zone.
1:27 of 2nd period - Snap shot by Garret Ross.
1:27 of 2nd period - Goal by Garret Ross - Harfangs : 1 - Punishers : 2.
1:28 of 2nd period - Zack Hamill wins face-off versus Oscar Sundqvist in neutral zone.
1:33 of 2nd period - Slapshot by Adam Pelech.
1:33 of 2nd period - Deflect By Zack Hamill.
1:33 of 2nd period - Shot Blocked by Steve McCarthy.
1:33 of 2nd period - Puck is out of play.
1:34 of 2nd period - David Laliberté wins face-off versus Oscar Sundqvist in Harfangs zone.
2:12 of 2nd period - Snap shot by Zack Hamill.
2:12 of 2nd period - Stopped by Anton Forsberg with a rebound.
3:50 of 2nd period - Off-side.
3:51 of 2nd period - Calle Jarnkrok wins face-off versus Mattias Tedenby in neutral zone.
3:54 of 2nd period - Patrick Wiercioch is hit by Jimmy Hayes and loses puck.
4:17 of 2nd period - Garnet Hathaway is hit by Miikka Salomaki and loses puck.
4:24 of 2nd period - Wrist shot by Nikita Gusev.
4:24 of 2nd period - Stopped by Anton Forsberg without a rebound.
4:25 of 2nd period - Andreas Athanasiou wins face-off versus Colton Sissons in Harfangs zone.
4:26 of 2nd period - Snap shot by Mattias Tedenby.
4:26 of 2nd period - Deflect By Andreas Athanasiou.
4:26 of 2nd period - Shot Blocked by Mark Alt.
4:26 of 2nd period - Puck is out of play.
4:27 of 2nd period - Colton Sissons wins face-off versus Andreas Athanasiou in Harfangs zone.
4:27 of 2nd period - Colton Sissons is hit by Andreas Athanasiou.
5:02 of 2nd period - Snap shot by Radek Faksa.
5:02 of 2nd period - Shot Misses the Net.
5:04 of 2nd period - Snap shot by Miikka Salomaki.
5:04 of 2nd period - Goal by Miikka Salomaki - Harfangs : 1 - Punishers : 3.
5:05 of 2nd period - Calle Jarnkrok wins face-off versus Andreas Athanasiou in neutral zone.
5:05 of 2nd period - Calle Jarnkrok is hit by Garret Ross.
5:09 of 2nd period - Snap shot by Jimmy Hayes.
5:09 of 2nd period - Stopped by Louis Domingue without a rebound.
5:10 of 2nd period - Calle Jarnkrok wins face-off versus Andreas Athanasiou in Punishers zone.
5:21 of 2nd period - Slapshot by Brock Nelson.
5:21 of 2nd period - Shot Blocked by Mattias Tedenby.
5:39 of 2nd period - Snap shot by Garret Ross.
5:39 of 2nd period - Stopped by Anton Forsberg with a rebound.
5:59 of 2nd period - Wrist shot by Dan Bertram.
5:59 of 2nd period - Shot Blocked by Steve McCarthy.
6:39 of 2nd period - Brenden Kichton is hit by Radek Faksa and loses puck.
7:42 of 2nd period - Off-side.
7:43 of 2nd period - Freddie Hamilton wins face-off versus Oscar Sundqvist in neutral zone.
7:46 of 2nd period - Tomas Kubalik is hit by Freddie Hamilton and loses puck.
7:54 of 2nd period - Minor Penalty to Tomas Kubalik for Roughing.
7:55 of 2nd period - Zack Hamill wins face-off versus Jimmy Hayes in Harfangs zone.
7:55 of 2nd period - Wrist shot by David Laliberté.
7:55 of 2nd period - Goal by David Laliberté - Harfangs : 1 - Punishers : 4.
7:55 of 2nd period - Mark Visentin enters game.
7:56 of 2nd period - Calle Jarnkrok wins face-off versus Andreas Athanasiou in neutral zone.
8:00 of 2nd period - Dylan Olsen is hit by Jordan Schmaltz and loses puck.
8:11 of 2nd period - Minor Penalty to Mattias Tedenby for Roughing.
8:12 of 2nd period - Zack Hamill wins face-off versus Calle Jarnkrok in Punishers zone.
8:17 of 2nd period - Icing by Brock Nelson.
8:18 of 2nd period - Robbie Earl wins face-off versus Calle Jarnkrok in Harfangs zone.
10:11 of 2nd period - Penalty to Mattias Tedenby is over, Mattias Tedenby is back on ice.
10:31 of 2nd period - Snap shot by Andreas Martinsen.
10:31 of 2nd period - Stopped by Louis Domingue with a rebound.
10:33 of 2nd period - Slapshot by Mark Alt.
10:33 of 2nd period - Deflect By Ryan Hartman.
10:33 of 2nd period - Stopped by Louis Domingue with a rebound.
11:17 of 2nd period - Off-side.
11:18 of 2nd period - Calle Jarnkrok wins face-off versus Andreas Athanasiou in neutral zone.
11:45 of 2nd period - Dustin Jeffrey is hit by Adam Pelech and loses puck.
11:54 of 2nd period - Snap shot by Zack Hamill.
11:54 of 2nd period - Shot Misses the Net.
11:56 of 2nd period - Snap shot by Zack Hamill.
11:56 of 2nd period - Stopped by Mark Visentin with a rebound.
12:06 of 2nd period - Dustin Jeffrey is hit by Miikka Salomaki and loses puck.
12:21 of 2nd period - Minor Penalty to Brenden Kichton for High sticking.
12:22 of 2nd period - Zack Hamill wins face-off versus Jimmy Hayes in Harfangs zone.
12:25 of 2nd period - Snap shot by Zack Hamill.
12:25 of 2nd period - Stopped by Mark Visentin without a rebound.
12:26 of 2nd period - Jimmy Hayes wins face-off versus Zack Hamill in Harfangs zone.
12:37 of 2nd period - Slapshot by Adam Pelech.
12:37 of 2nd period - Stopped by Mark Visentin without a rebound.
12:38 of 2nd period - Jimmy Hayes wins face-off versus Zack Hamill in Harfangs zone.
13:03 of 2nd period - Brock Nelson is hit by Garret Ross.
13:13 of 2nd period - Wrist shot by Garnet Hathaway.
13:13 of 2nd period - Stopped by Louis Domingue without a rebound.
13:14 of 2nd period - Andreas Athanasiou wins face-off versus Tomas Kubalik in Punishers zone.
14:14 of 2nd period - Snap shot by Garret Ross.
14:14 of 2nd period - Shot Blocked by Victor Bartley.
14:16 of 2nd period - Snap shot by Garret Ross.
14:16 of 2nd period - Shot Misses the Net.
14:18 of 2nd period - Slapshot by Patrick Wiercioch.
14:18 of 2nd period - Stopped by Mark Visentin with a rebound.
14:20 of 2nd period - Snap shot by Andreas Athanasiou.
14:20 of 2nd period - Stopped by Mark Visentin with a rebound.
14:21 of 2nd period - Penalty to Brenden Kichton is over, Brenden Kichton is back on ice.
14:22 of 2nd period - Slapshot by Patrick Wiercioch.
14:22 of 2nd period - Deflect By Mattias Tedenby.
14:22 of 2nd period - Shot Misses the Net.
14:22 of 2nd period - Puck is out of play.
14:23 of 2nd period - Zack Hamill wins face-off versus Oscar Sundqvist in Harfangs zone.
14:30 of 2nd period - Jordan Schmaltz is hit by Oscar Sundqvist and loses puck.
14:49 of 2nd period - Adam Pelech is hit by Colton Sissons and loses puck.
15:14 of 2nd period - Snap shot by Dan Bertram.
15:14 of 2nd period - Shot Blocked by Cristoval Nieves.
15:16 of 2nd period - Slapshot by Jordan Schmaltz.
15:16 of 2nd period - Stopped by Mark Visentin without a rebound.
15:17 of 2nd period - Zack Hamill wins face-off versus Calle Jarnkrok in Harfangs zone.
15:24 of 2nd period - David Laliberté is hit by Jimmy Hayes and loses puck.
15:29 of 2nd period - Snap shot by Jimmy Hayes.
15:29 of 2nd period - Shot Misses the Net.
15:31 of 2nd period - Backhand shot by Victor Bartley.
15:31 of 2nd period - Shot Blocked by Robbie Earl.
16:00 of 2nd period - Snap shot by Dustin Jeffrey.
16:00 of 2nd period - Shot Misses the Net.
16:02 of 2nd period - Slapshot by Steve McCarthy.
16:02 of 2nd period - Shot Misses the Net.
16:04 of 2nd period - Wrist shot by Garnet Hathaway.
16:04 of 2nd period - Shot Blocked by Freddie Hamilton.
16:06 of 2nd period - Snap shot by Victor Bartley.
16:06 of 2nd period - Shot Blocked by Dan Bertram.
16:08 of 2nd period - Slapshot by Victor Bartley.
16:08 of 2nd period - Deflect By Dustin Jeffrey.
16:08 of 2nd period - Stopped by Louis Domingue with a rebound.
16:10 of 2nd period - Slapshot by Steve McCarthy.
16:10 of 2nd period - Shot Blocked by Freddie Hamilton.
16:48 of 2nd period - Slapshot by Dylan Olsen.
16:48 of 2nd period - Deflect By Patrick Wiercioch.
16:48 of 2nd period - Stopped by Louis Domingue with a rebound.
16:50 of 2nd period - Snap shot by Calle Jarnkrok.
16:50 of 2nd period - Stopped by Louis Domingue with a rebound.
17:01 of 2nd period - Icing by Jimmy Hayes.
17:02 of 2nd period - Calle Jarnkrok wins face-off versus Radek Faksa in Harfangs zone.
17:11 of 2nd period - Slapshot by Michael Bournival.
17:11 of 2nd period - Stopped by Louis Domingue with a rebound.
17:27 of 2nd period - Colton Sissons is hit by Mattias Tedenby and loses puck.
17:40 of 2nd period - Garret Ross is hit by Steve McCarthy and loses puck.
17:55 of 2nd period - Madison Bowey is hit by Brock Nelson and loses puck.
18:22 of 2nd period - Snap shot by Michael Bournival.
18:22 of 2nd period - Goal by Michael Bournival - Harfangs : 2 - Punishers : 4.
18:23 of 2nd period - Calle Jarnkrok wins face-off versus Zack Hamill in neutral zone.
18:38 of 2nd period - Slapshot by Victor Bartley.
18:38 of 2nd period - Deflect By Jimmy Hayes.
18:38 of 2nd period - Shot Blocked by Zack Hamill.
18:38 of 2nd period - Puck is out of play.
18:39 of 2nd period - Oscar Sundqvist wins face-off versus Andreas Athanasiou in Punishers zone.
18:40 of 2nd period - Snap shot by Tomas Kubalik.
18:40 of 2nd period - Shot Misses the Net.
18:52 of 2nd period - Snap shot by Oscar Sundqvist.
18:52 of 2nd period - Shot Blocked by Adam Pelech.
18:54 of 2nd period - Slapshot by Tomas Kubalik.
18:54 of 2nd period - Stopped by Louis Domingue with a rebound.
19:09 of 2nd period - Snap shot by Jimmy Hayes.
19:09 of 2nd period - Stopped by Louis Domingue with a rebound.
19:11 of 2nd period - Wrist shot by Brock Nelson.
19:11 of 2nd period - Shot Misses the Net.
19:13 of 2nd period - Slapshot by Steve McCarthy.
19:13 of 2nd period - Stopped by Louis Domingue with a rebound.
19:23 of 2nd period - Snap shot by Andreas Martinsen.
19:23 of 2nd period - Stopped by Louis Domingue with a rebound.
Goals for this period are 1 for Harfangs vs 3 for Punishers.
Shots for this period are 15 for Harfangs vs 12 for Punishers.
3rd period
0:01 of 3rd period - Calle Jarnkrok wins face-off versus Zack Hamill in neutral zone.
0:04 of 3rd period - Wrist shot by Victor Bartley.
0:04 of 3rd period - Stopped by Louis Domingue with a rebound.
0:06 of 3rd period - Snap shot by Brock Nelson.
0:06 of 3rd period - Shot Blocked by Jordan Schmaltz.
0:08 of 3rd period - Snap shot by Steve McCarthy.
0:08 of 3rd period - Stopped by Louis Domingue with a rebound.
0:26 of 3rd period - Michael Bournival is hit by Mattias Tedenby and loses puck.
0:53 of 3rd period - Jordan Schmaltz is hit by Ryan Hartman and loses puck.
1:08 of 3rd period - Wrist shot by Brock Nelson.
1:08 of 3rd period - Stopped by Louis Domingue without a rebound.
1:09 of 3rd period - Zack Hamill wins face-off versus Brock Nelson in Punishers zone.
1:09 of 3rd period - Zack Hamill is hit by Reid McNeill.
2:04 of 3rd period - Dustin Jeffrey is hit by Miikka Salomaki and loses puck.
2:19 of 3rd period - Cristoval Nieves is hit by Tyler Bertuzzi and loses puck.
2:28 of 3rd period - Dan Bertram is hit by Cristoval Nieves.
2:48 of 3rd period - Wrist shot by Jimmy Hayes.
2:48 of 3rd period - Shot Misses the Net.
2:50 of 3rd period - Slapshot by Jimmy Hayes.
2:50 of 3rd period - Stopped by Louis Domingue without a rebound.
2:51 of 3rd period - Mattias Tedenby wins face-off versus Calle Jarnkrok in Punishers zone.
2:58 of 3rd period - Snap shot by Mattias Tedenby.
2:58 of 3rd period - Shot Misses the Net.
3:06 of 3rd period - Slapshot by Andreas Athanasiou.
3:06 of 3rd period - Stopped by Mark Visentin without a rebound.
3:07 of 3rd period - Zack Hamill wins face-off versus Oscar Sundqvist in Harfangs zone.
3:10 of 3rd period - Snap shot by Zack Hamill.
3:10 of 3rd period - Stopped by Mark Visentin with a rebound.
3:12 of 3rd period - Wrist shot by Adam Pelech.
3:12 of 3rd period - Shot Blocked by Michael Bournival.
3:14 of 3rd period - Slapshot by Zack Hamill.
3:14 of 3rd period - Stopped by Mark Visentin with a rebound.
3:16 of 3rd period - Wrist shot by Robbie Earl.
3:16 of 3rd period - Shot Misses the Net.
3:18 of 3rd period - Slapshot by Jordan Schmaltz.
3:18 of 3rd period - Stopped by Mark Visentin without a rebound.
3:19 of 3rd period - Zack Hamill wins face-off versus Calle Jarnkrok in Harfangs zone.
3:22 of 3rd period - Snap shot by David Laliberté.
3:22 of 3rd period - Shot Misses the Net.
3:32 of 3rd period - Wrist shot by Robbie Earl.
3:32 of 3rd period - Shot Misses the Net.
3:34 of 3rd period - Slapshot by Jordan Schmaltz.
3:34 of 3rd period - Shot Blocked by Steve McCarthy.
4:28 of 3rd period - Off-side.
4:29 of 3rd period - Cristoval Nieves wins face-off versus Zack Hamill in neutral zone.
4:36 of 3rd period - David Laliberté is hit by Ryan Hartman and loses puck.
4:57 of 3rd period - Snap shot by Nikita Gusev.
4:57 of 3rd period - Shot Blocked by Andreas Martinsen.
4:59 of 3rd period - Snap shot by Nikita Gusev.
4:59 of 3rd period - Stopped by Mark Visentin without a rebound.
5:00 of 3rd period - Calle Jarnkrok wins face-off versus Radek Faksa in Harfangs zone.
5:28 of 3rd period - Slapshot by Nikita Gusev.
5:28 of 3rd period - Shot Blocked by Steve McCarthy.
5:30 of 3rd period - Snap shot by Zack Hamill.
5:30 of 3rd period - Stopped by Mark Visentin with a rebound.
5:32 of 3rd period - Wrist shot by Zack Hamill.
5:32 of 3rd period - Stopped by Mark Visentin without a rebound.
5:33 of 3rd period - David Laliberté wins face-off versus Oscar Sundqvist in Harfangs zone.
7:10 of 3rd period - Icing by Tomas Kubalik.
7:11 of 3rd period - Freddie Hamilton wins face-off versus Cristoval Nieves in Harfangs zone.
7:24 of 3rd period - Wrist shot by Andreas Martinsen.
7:24 of 3rd period - Stopped by Louis Domingue with a rebound.
7:26 of 3rd period - Wrist shot by Ryan Hartman.
7:26 of 3rd period - Stopped by Louis Domingue without a rebound.
7:27 of 3rd period - Andreas Athanasiou wins face-off versus Calle Jarnkrok in Punishers zone.
7:59 of 3rd period - Wrist shot by Michael Bournival.
7:59 of 3rd period - Shot Hit the Post.
8:01 of 3rd period - Snap shot by Tomas Kubalik.
8:01 of 3rd period - Shot Blocked by Patrick Wiercioch.
8:23 of 3rd period - Wrist shot by Miikka Salomaki.
8:23 of 3rd period - Stopped by Mark Visentin without a rebound.
8:24 of 3rd period - Calle Jarnkrok wins face-off versus Andreas Athanasiou in Harfangs zone.
8:34 of 3rd period - Backhand shot by Brock Nelson.
8:34 of 3rd period - Stopped by Louis Domingue with a rebound.
9:12 of 3rd period - Steve McCarthy is hit by Miikka Salomaki and loses puck.
11:22 of 3rd period - Snap shot by Dan Bertram.
11:22 of 3rd period - Stopped by Mark Visentin with a rebound.
11:24 of 3rd period - Slapshot by Adam Pelech.
11:24 of 3rd period - Shot Misses the Net.
11:26 of 3rd period - Slapshot by Adam Pelech.
11:26 of 3rd period - Shot Blocked by Brenden Kichton.
11:40 of 3rd period - Backhand shot by Dan Bertram.
11:40 of 3rd period - Stopped by Mark Visentin without a rebound.
11:41 of 3rd period - Calle Jarnkrok wins face-off versus Zack Hamill in Harfangs zone.
11:50 of 3rd period - Minor Penalty to Robbie Earl for Close Hand On Puck.
11:51 of 3rd period - Zack Hamill wins face-off versus Calle Jarnkrok in Punishers zone.
13:07 of 3rd period - Radek Faksa is hit by Victor Bartley and loses puck.
13:50 of 3rd period - Penalty to Robbie Earl is over, Robbie Earl is back on ice.
13:58 of 3rd period - Wrist shot by Robbie Earl.
13:58 of 3rd period - Deflect By Garret Ross.
13:58 of 3rd period - Stopped by Mark Visentin without a rebound.
13:59 of 3rd period - Cristoval Nieves wins face-off versus Andreas Athanasiou in Harfangs zone.
14:30 of 3rd period - Off-side.
14:31 of 3rd period - Zack Hamill wins face-off versus Calle Jarnkrok in neutral zone.
14:34 of 3rd period - Wrist shot by Zack Hamill.
14:34 of 3rd period - Stopped by Mark Visentin without a rebound.
14:35 of 3rd period - Calle Jarnkrok wins face-off versus Zack Hamill in Harfangs zone.
14:46 of 3rd period - Snap shot by Brock Nelson.
14:46 of 3rd period - Stopped by Louis Domingue with a rebound.
15:08 of 3rd period - Slapshot by Garret Ross.
15:08 of 3rd period - Shot Misses the Net.
15:10 of 3rd period - Slapshot by Garret Ross.
15:10 of 3rd period - Stopped by Mark Visentin without a rebound.
15:11 of 3rd period - Nikita Gusev wins face-off versus Colton Sissons in Harfangs zone.
15:41 of 3rd period - Wrist shot by Miikka Salomaki.
15:41 of 3rd period - Shot Misses the Net.
15:43 of 3rd period - Snap shot by Radek Faksa.
15:43 of 3rd period - Stopped by Mark Visentin without a rebound.
15:44 of 3rd period - Colton Sissons wins face-off versus Zack Hamill in Harfangs zone.
15:52 of 3rd period - Snap shot by Dustin Jeffrey.
15:52 of 3rd period - Shot Blocked by Zack Hamill.
15:54 of 3rd period - Snap shot by Colton Sissons.
15:54 of 3rd period - Shot Misses the Net.
16:19 of 3rd period - Snap shot by Mattias Tedenby.
16:19 of 3rd period - Stopped by Mark Visentin without a rebound.
16:20 of 3rd period - Radek Faksa wins face-off versus Colton Sissons in Harfangs zone.
16:21 of 3rd period - Snap shot by Miikka Salomaki.
16:21 of 3rd period - Goal by Miikka Salomaki - Harfangs : 2 - Punishers : 5.
16:22 of 3rd period - Zack Hamill wins face-off versus Calle Jarnkrok in neutral zone.
17:09 of 3rd period - Off-side.
17:10 of 3rd period - Freddie Hamilton wins face-off versus Colton Sissons in neutral zone.
17:31 of 3rd period - Patrick Wiercioch is hit by Colton Sissons and loses puck.
17:44 of 3rd period - Snap shot by Dustin Jeffrey.
17:44 of 3rd period - Stopped by Louis Domingue with a rebound.
17:46 of 3rd period - Snap shot by Colton Sissons.
17:46 of 3rd period - Shot Misses the Net.
17:48 of 3rd period - Wrist shot by Garnet Hathaway.
17:48 of 3rd period - Stopped by Louis Domingue with a rebound.
17:50 of 3rd period - Slapshot by Dylan Olsen.
17:50 of 3rd period - Stopped by Louis Domingue without a rebound.
17:51 of 3rd period - Zack Hamill wins face-off versus Calle Jarnkrok in Punishers zone.
17:51 of 3rd period - Zack Hamill is hit by Steve McCarthy.
18:24 of 3rd period - Icing by Victor Bartley.
18:25 of 3rd period - Oscar Sundqvist wins face-off versus Andreas Athanasiou in Harfangs zone.
18:50 of 3rd period - Snap shot by Brock Nelson.
18:50 of 3rd period - Shot Blocked by David Laliberté.
18:52 of 3rd period - Wrist shot by Calle Jarnkrok.
18:52 of 3rd period - Stopped by Louis Domingue with a rebound.
18:54 of 3rd period - Slapshot by Steve McCarthy.
18:54 of 3rd period - Stopped by Louis Domingue with a rebound.
18:56 of 3rd period - Snap shot by Calle Jarnkrok.
18:56 of 3rd period - Shot Blocked by Madison Bowey.
Goals for this period are 0 for Harfangs vs 1 for Punishers.
Shots for this period are 13 for Harfangs vs 16 for Punishers.
Back to the Top